 Dungeon Crawl Stone Soup version 0.22-a0-553-g9358b0b (webtiles) character file.

0 glosham the Skirmisher (level 1, -18/18 HPs)
             Began as a Mummy Abyssal Knight on June 25, 2018.
             Was a Follower of Lugonu.
             Demolished by a shadow (22 damage)
             ... on level 1 of the Abyss.
             The game lasted 00:02:11 (120 turns).

glosham the Skirmisher (Mummy Abyssal Knight)        Turns: 120, Time: 00:02:12

Health: -18/18     AC:  3    Str: 15    XL:     1   Next: 0%
Magic:  2/2        EV: 11    Int: 11    God:    Lugonu [*.....]
Gold:   8          SH:  0    Dex: 11    Spells: 0/0 levels left

rFire    x . .     SeeInvis .   a - +1 hand axe
rCold    + . .     Gourm    .   (no shield)
rNeg     + + +     Faith    .   b - +0 leather armour
rPois    ∞         Spirit   .   (no helmet)
rElec    .         Reflect  .   (no cloak)
rCorr    .         Harm     .   (no gloves)
MR       .....                  (no boots)
Stlth    +.........             (no amulet)
HPRegen  0.06/turn              (no ring)
MPRegen  0.08/turn              (no ring)

@: no status effects
A: no food or potions, fire vulnerability, cold resistance 1, negative energy
resistance 3, torment resistance, unbreathing
a: Depart the Abyss, Renounce Religion


You were on level 1 of the Abyss.
You worshipped Lugonu.
Lugonu was aware of your devotion.
You were not hungry.

You visited 0 branches of the dungeon, and saw 0 of its levels.
You visited the Abyss 1 time.

You collected 8 gold pieces.

Inventory:

Hand Weapons
 a - a +1 hand axe (weapon)
Armour
 b - a +0 leather armour (worn)


   Skills:
 - Level 3.0 Fighting
 - Level 1.5 Axes
 - Level 1.5 Armour
 - Level 0.7 Dodging
 * Level 0.0 Stealth
 - Level 1.5 Invocations


You couldn't memorise any spells.
You didn't know any spells.
Your spell library was empty.

Dungeon Overview and Level Annotations

Branches:
Dungeon (0/15)

Altars:


Innate Abilities, Weirdness & Mutations

You do not eat or drink.
Your flesh is vulnerable to fire.
You are immune to poison.
Your flesh is cold resistant. (rC+)
You are immune to negative energy. (rN+++)
You are immune to unholy pain and torment.
You can survive without breathing.


Message History

Lugonu says: Depart the Abyss and spread corruption, my servant! (use the ability menu to exit the Abyss) Press ? for a list of commands and other information.
Found a corrupted altar of Lugonu.
Found 14 stones.
Found 14 bolts.
Found a gateway leading out of the Abyss.
There is a gateway leading out of the Abyss here.
Found 8 gold pieces.
You see here 8 gold pieces.
You now have 8 gold pieces.
A tentacled starspawn comes into view.
A profane servitor comes into view. It is wielding an enchanted whip.
A tentacle flies out from the starspawn's body!
A starspawn tentacle comes into view.
The starspawn tentacle grabs you. The starspawn tentacle constricts you.
The starspawn tentacle moves out of view.
A starspawn tentacle comes into view.
You escape the starspawn tentacle's grasp.
A large abomination comes into view.
Tentacles burst from the starspawn's body! 2 starspawn tentacles come into view.
An ice dragon skeleton comes into view.
A spatial maelstrom comes into view. 2 spatial vortices come into view.
A bone dragon comes into view.
Found a dagger.
You see here a dagger.
A shadow comes into view.
Found a scroll labeled MOEKHI MOGHI.
Found 15 gold pieces.
A smoke demon comes into view.
The shadow slips into darkness.
The shadow flickers and vanishes!
The smoke demon gestures at you. Something smites you!
Ouch! That really hurt!
* * * LOW HITPOINT WARNING * * *
The shadow strikes at you from the darkness!
Ouch! That really hurt!
You die...

.. ..
....x..........
##....# .#..#.##...#
##.§..##..#......###
#.#.#.....##.......#
#.#.......##.#..##.#
. . #...#..3x#...#
.......#..$# #.
.##.#.#.#D..# ..
.###.@..### # #.#..#
##..## ####


You could see a bone dragon.

Vanquished Creatures (others)
  4 starspawn tentacles (Abyss:1)
4 creatures vanquished.

Notes
Turn   | Place    | Note
-------+----------+-------------------------------------------
     0 | Abyss:1  | glosham the Mummy Abyssal Knight began the quest for the Orb.
     0 | Abyss:1  | Reached XP level 1. HP: 18/18 MP: 2/2
    46 | Abyss:1  | Noticed a tentacled starspawn
    51 | Abyss:1  | Noticed a profane servitor
    56 | Abyss:1  | Noticed a large abomination
    64 | Abyss:1  | Noticed an ice dragon skeleton
    81 | Abyss:1  | Noticed a spatial maelstrom
    82 | Abyss:1  | Noticed a spatial vortex
    82 | Abyss:1  | Noticed a spatial vortex
    88 | Abyss:1  | Noticed a bone dragon
   107 | Abyss:1  | Noticed a shadow
   108 | Abyss:1  | Noticed an ancient zyme
   113 | Abyss:1  | Noticed a smoke demon
   120 | Abyss:1  | Demolished by a shadow

Vault maps used:

Table legend:
 A = Spawn XP
 B = Non-spawn XP
 C = Spawn XP percentage of total XP
 D = Spawn monster count
 E = Non-spawn monster count
 F = Spawn count percentage of total count
 G = Total turns spent on level
                    A         B        C        D         E        F      G
               +---------+---------+-------+---------+---------+-------+---------
         Total |       0 |       0 |   N/A |       0 |       0 |   N/A |   120
               +---------+---------+-------+---------+---------+-------+---------
               +---------+---------+-------+---------+---------+-------+---------

Table legend:
 A = Turns spent in this place as a percentage of turns spent in the entire game.
 B = Non-inter-level travel turns spent in this place as a percentage of non-inter-level travel turns spent in the entire game.
 C = Inter-level travel turns spent in this place as a percentage of turns spent in this place.
 D = Turns resting spent in this place as a percentage of non-inter-level travel turns spent in this place.
 E = Turns spent auto-exploring this place as a percentage of non-inter-level travel turns spent in this place.
 F = Non-inter-level travel turns spent in this place divided by the number of levels of this place that you've seen.
                   A       B       C       D       E      F
               +-------+-------+-------+-------+-------+----------------------
         Total | 100.0 | 100.0 |   0.0 |   0.0 |   0.0 | 120.0
         Abyss | 100.0 | 100.0 |   0.0 |   0.0 |   0.0 | 120.0
               +-------+-------+-------+-------+-------+----------------------

Vault maps used:
